 Dungeon Crawl Stone Soup version 0.26-a0-682-g294304f6e8 (webtiles) character file.

Game seed: 7527957427881388653

320 Decritt the Slinger (level 6, -13/39 HPs)
             Began as a Halfling Hunter on Oct 21, 2020.
             Mangled by an ogre
             ... wielding a +0 giant club
              (25 damage)
             ... on level 4 of the Dungeon.
             The game lasted 00:08:10 (2997 turns).

Decritt the Slinger (Halfling Hunter)               Turns: 2997, Time: 00:08:10

Health: -13/39     AC:  4    Str: 13    XL:     6   Next: 75%
Magic:  6/6        EV: 13    Int:  9    God:
Gold:   190        SH:  0    Dex: 17    Spells: 5/5 levels left

rFire    . . .     SeeInvis .   a - +1 hunting sling
rCold    . . .     Faith    .   (shield restricted)
rNeg     . . .     Spirit   .   c - +0 leather armour
rPois    +         Reflect  .   (no helmet)
rElec    .         Harm     .   u - +0 cloak {rPois}
rCorr    .         Rampage  .   (no gloves)
MR       .....                  (no boots)
Stlth    ++........             (no amulet)
HPRegen  0.13/turn              g - ring of wizardry
MPRegen  0.10/turn              v - -4 ring of evasion (curse)

@: no status effects
A: small, mutation resistance 1
a: no special abilities


You were on level 4 of the Dungeon.
You visited 1 branch of the dungeon, and saw 4 of its levels.

You collected 190 gold pieces.

Inventory:

Hand Weapons
 a - a +1 hunting sling (weapon)
 b - a +0 short sword
 r - a +1 flail of draining
Missiles
 i - 78 stones (quivered)
Armour
 c - a +0 leather armour (worn)
 e - a +2 cloak
 u - a +0 cloak of poison resistance (worn)
Jewellery
 g - a ring of wizardry (left hand)
 v - a cursed -4 ring of evasion (right hand)
Scrolls
 f - 2 scrolls of teleportation {unknown}
 h - 2 scrolls of amnesia {unknown}
 k - 7 scrolls of enchant armour
 n - a scroll of enchant weapon {unknown}
 o - a scroll of fog {unknown}
 q - a scroll of remove curse {unknown}
 s - a scroll of random uselessness {unknown}
Potions
 d - 2 potions of ambrosia {unknown}
 j - a potion of lignification {unknown}
 l - 4 potions of curing
 m - a potion of stabbing
 p - a potion of brilliance {unknown}
 t - 2 potions of mutation


   Skills:
 - Level 1.7 Fighting
 * Level 8.2 Slings
 * Level 4.9 Dodging
 + Level 3.3 Stealth


You had 5 spell levels left.
You didn't know any spells.
Your spell library was empty.

Dungeon Overview and Level Annotations

Branches:
Dungeon (4/15)
 Temple: D:4-7

Altars:
Fedhas


Innate Abilities, Weirdness & Mutations

You are small and have problems with some larger weapons.
You are somewhat resistant to further mutation.


Message History

The ogre is severely wounded.
The ogre closely misses you.
You shoot a stone.
The stone hits the ogre but does no damage.
The ogre is severely wounded.
The ogre hits you with a +0 giant club!
* * * LOW HITPOINT WARNING * * *
Firing (i - inventory)
i - 80 stones (quivered)
Press: ? - help, Shift-Dir - straight line, f/p - ogre
Aim: an ogre, wielding a +0 giant club (heavily wounded)
You shoot a stone. The stone closely misses the ogre.
Firing (i - inventory)
i - 79 stones (quivered)
Press: ? - help, Shift-Dir - straight line, f/p - ogre
Aim: an ogre, wielding a +0 giant club (heavily wounded)
You shoot a stone.
The stone hits the ogre but does no damage.
The ogre is heavily wounded.
The ogre hits you with a +0 giant club!!
Ouch! That really hurt!
You die...

#...# #..........#... #...#
########...#.## #...#
#..........#.#.
###...#######.#####......#.
#.....).......#####......#.
#.#..............##........
#.#.############.##......#.
#.#.#.(((O.# #.##.#......
#.#.# #@# #.##........
#.#.# #.#####.####.##.#.
#.#.# #.##.......#......
#.#.# #.##.##.##.#..#...
#.#.# #.##....##.#..####
#.#.# #.##....†..#..# #.#
#.##....####<.# #.#
#.##....# #..# #.#
#.#...### #..#


You could see an ogre.

Vanquished Creatures
  An ogre (D:4)
  A centaur skeleton (D:4)
  A hound (D:4)
  4 gnolls (D:3)
  8 adders
  2 worms
  A leopard gecko (D:4)
  3 orcs (D:3)
  3 giant cockroaches (D:2)
  5 goblins
  3 hobgoblins
  5 kobolds
  5 quokkas
  2 ball pythons
  4 bats
  8 frilled lizards
  A quokka skeleton (D:4)
  7 rats
64 creatures vanquished.

Notes
Turn   | Place    | Note
-------+----------+-------------------------------------------
     0 | D:1      | Decritt the Halfling Hunter began the quest for the Orb.
     0 | D:1      | Reached XP level 1. HP: 14/14 MP: 1/1
   328 | D:1      | Reached skill level 6 in Slings
   404 | D:1      | Reached XP level 2. HP: 19/19 MP: 2/2
   686 | D:2      | Reached XP level 3. HP: 24/24 MP: 3/3
   959 | D:2      | Reached XP level 4. HP: 23/29 MP: 4/4
  1251 | D:2      | Reached skill level 7 in Slings
  1319 | D:2      | Reached XP level 5. HP: 24/34 MP: 5/5
  1963 | D:3      | Found a blossoming altar of Fedhas.
  2622 | D:4      | Noticed an ogre
  2631 | D:4      | Killed an ogre
  2631 | D:4      | Reached skill level 8 in Slings
  2631 | D:4      | Reached XP level 6. HP: 39/39 MP: 6/6
  2988 | D:4      | Noticed an ogre
  2997 | D:4      | Mangled by an ogre

Illustrated notes

Levels and vault maps discovered:
D:1:      zelgadis_glass_arrival_large, layout_basic
D:2:      layout_basic, minivault_23
D:3:      layout_loops_cross, fedhas_altar_fruit_tree
D:4:      layout_basic, st_stairs_1, kennysheep_generic_room_7

Skill      XL: |  1  2  3  4  5 |
---------------+----------------+-----
Slings         | 6 7 8 |  8.2
Dodging        | 3 4 |  4.9
Stealth        | 2 3 |  3.3
Fighting       | |  1.7

Action                   |  1- 3 |  4- 6 || total
-------------------------+-------+-------++-------
Melee: Flail             |       |     6 ||     6
 Fire: Hunting sling     |    69 |   135 ||   204
Throw: Stone             |       |     7 ||     7
  Use: Scroll            |       |     4 ||     4
Armor: Leather armour    |     4 |     9 ||    13
Dodge: Dodged            |    11 |    25 ||    36

Table legend: (Time is in decaauts)
 A = Elapsed time spent in this place.
 B = Non-inter-level travel time spent in this place.
 C = Inter-level travel time spent in this place.
 D = Time resting spent in this place.
 E = Time spent auto-exploring this place.
 F = Levels seen in this place.
 G = Mean time per level.
                   A        B        C        D        E       F      G
               +--------+--------+--------+--------+--------+-----+--------+
         Total |   2966 |   2912 |     54 |      0 |   2518 |   4 |  741.5 |
       Dungeon |   2966 |   2912 |     54 |      0 |   2518 |   4 |  741.5 |
               +--------+--------+--------+--------+--------+-----+--------+

Top non-repeatable levels by time:
     D:3: 896 daAuts
     D:2: 849 daAuts
     D:4: 637 daAuts
     D:1: 582 daAuts
